| TOP OF THE 1ST |
|
Springfield Cardinals batting - Pitching for Reading Fightin Phils : LHP Shirou Yoshida
|
|
Pitching: LHP Shirou Yoshida
|
|
|
Batting: RHB Jeff Long
|
0-0: Ball 1-0: Ground out 6-3 (Groundball, 6S, EV 73.1 MPH)
|
|
Batting: RHB McGwire Jones
|
0-0: Ball 1-0: Ground out 6-3 (Groundball, 6, EV 105.0 MPH)
|
|
Batting: RHB Jose Ramos
|
0-0: Ball 1-0: Ball 2-0: Ball 3-0: Called Strike 3-1: Base on Balls
|
|
Batting: RHB Pablo Nunez
|
0-0: Ball 1-0: Called Strike 1-1: SINGLE (Groundball, 4MD, EV 105.6 MPH) Jose Ramos to second Runner from 2nd tries for 3rd, OUT after rundown.
|
| Top of the 1st over - 0 runs, 1 hit, 0 errors, 1 left on base; Springfield 0 - Reading 0 |
| BOTTOM OF THE 1ST |
|
Reading Fightin Phils batting - Pitching for Springfield Cardinals : LHP Kenji Yokoyama
|
|
Pitching: LHP Kenji Yokoyama
|
|
|
Batting: RHB Jake Cox
|
0-0: Called Strike 0-1: Swinging Strike 0-2: Ball 1-2: Strikes out swinging
|
|
Batting: RHB Chris Myers
|
0-0: Ball 1-0: Foul Ball, location: 2F 1-1: Swinging Strike 1-2: Foul Ball, location: 2F 1-2: Foul Ball, location: 2F 1-2: Foul Ball, location: 2F 1-2: Foul Ball, location: 2F 1-2: Ball 2-2: Foul Ball, location: 2F 2-2: Ball 3-2: Foul Ball, location: 2F 3-2: Ground out 5-3 (Groundball, 5L, EV 104.4 MPH)
|
|
Batting: RHB Greg Herzig
|
0-0: Called Strike 0-1: Ball 1-1: SOLO HOME RUN (Flyball, 9LD, EV 93.8 MPH), Distance : 342 ft
|
|
Batting: RHB David Clough
|
0-0: Called Strike 0-1: Ball 1-1: Foul Ball, location: 2F 1-2: Strikes out swinging
|
| Bottom of the 1st over - 1 run, 1 hit, 0 errors, 0 left on base; Springfield 0 - Reading 1 |
| TOP OF THE 2ND |
|
Springfield Cardinals batting - Pitching for Reading Fightin Phils : LHP Shirou Yoshida
|
|
Batting: RHB Fortunato Fteira
|
0-0: Ball 1-0: Ground out 6-3 (Groundball, 6, EV 100.6 MPH)
|
|
Batting: RHB Tommy Boudreaux
|
0-0: Called Strike 0-1: Foul Ball, location: 2F 0-2: Fly out, F8 (Line Drive, 8LM, EV 95.0 MPH)
|
|
Batting: RHB Immel Kamuzu
|
0-0: Called Strike 0-1: Ground out U3 (Groundball, 23, EV 81.9 MPH)
|
| Top of the 2nd over - 0 runs, 0 hits, 0 errors, 0 left on base; Springfield 0 - Reading 1 |
| BOTTOM OF THE 2ND |
|
Reading Fightin Phils batting - Pitching for Springfield Cardinals : LHP Kenji Yokoyama
|
|
Batting: RHB John Manocchio
|
0-0: Foul Ball, location: 2F 0-1: DOUBLE (Line Drive, 89D, EV 99.4 MPH)
|
|
Batting: RHB Guan-pei Gao
|
0-0: Ball 1-0: Called Strike 1-1: Ground out 6-3 (Groundball, 6, EV 108.8 MPH)
|
|
Batting: RHB Mike Meeker
|
0-0: Ball 1-0: Foul Ball, location: 2F 1-1: Called Strike 1-2: Ground out 5-3 (Groundball, 56, EV 83.1 MPH)
|
|
Batting: RHB Mike Bell
|
0-0: Ball 1-0: Foul Ball, location: 2F 1-1: Ball 2-1: Foul Ball, location: 2F 2-2: SINGLE (Line Drive, 4MD, EV 98.1 MPH) John Manocchio to third Runner from 3rd tries for Home, SAFE, throw by CF to home
|
|
Batting: RHB Victor Arias
|
0-0: Called Strike Mike Bell is caught stealing 2nd base 2-4
|
| Bottom of the 2nd over - 1 run, 2 hits, 0 errors, 0 left on base; Springfield 0 - Reading 2 |
| TOP OF THE 3RD |
|
Springfield Cardinals batting - Pitching for Reading Fightin Phils : LHP Shirou Yoshida
|
|
Batting: LHB Angelo Vasquez
|
0-0: Called Strike 0-1: Foul Ball, location: 2F 0-2: Ball 1-2: Ball 2-2: SOLO HOME RUN (Flyball, 78XD, EV 110.0 MPH), Distance : 415 ft
|
|
Batting: RHB Juan Martinez
|
0-0: Ball 1-0: Called Strike 1-1: Fly out, F7 (Line Drive, 7, EV 86.9 MPH)
|
|
Batting: RHB Jeff Long
|
0-0: Ball 1-0: Ball 2-0: Ball 3-0: Called Strike 3-1: Called Strike 3-2: Foul Ball, location: 2F 3-2: Base on Balls
|
|
Batting: RHB McGwire Jones
|
0-0: Ball 1-0: Foul Ball, location: 2F 1-1: Ball 2-1: Ball Jeff Long is caught stealing 2nd base 2-4 3-1: Base on Balls
|
|
Batting: RHB Jose Ramos
|
0-0: Ball McGwire Jones is caught stealing 2nd base 2-4
|
| Top of the 3rd over - 1 run, 1 hit, 0 errors, 0 left on base; Springfield 1 - Reading 2 |
| BOTTOM OF THE 3RD |
|
Reading Fightin Phils batting - Pitching for Springfield Cardinals : LHP Kenji Yokoyama
|
|
Batting: RHB Victor Arias
|
0-0: Called Strike 0-1: Swinging Strike 0-2: Ball 1-2: Strikes out swinging
|
|
Batting: RHB Jake Cox
|
0-0: Ball 1-0: Foul Ball, location: 2F 1-1: Ball 2-1: DOUBLE (Flyball, 89D, EV 110.0 MPH)
|
|
Batting: RHB Chris Myers
|
0-0: Called Strike 0-1: Called Strike Jake Cox steals 3rd base 0-2: Foul Ball, location: 2F 0-2: Ground out 5-3 (Groundball, 56S, EV 83.8 MPH) Jake Cox scores
|
|
Batting: RHB Greg Herzig
|
0-0: Ball 1-0: Swinging Strike 1-1: Foul Ball, location: 2F 1-2: Ball 2-2: Foul Ball, location: 2F 2-2: Foul Ball, location: 2F 2-2: Fly out, F9 (Flyball, 9LD, EV 99.4 MPH)
|
| Bottom of the 3rd over - 1 run, 1 hit, 0 errors, 0 left on base; Springfield 1 - Reading 3 |
| TOP OF THE 4TH |
|
Springfield Cardinals batting - Pitching for Reading Fightin Phils : LHP Shirou Yoshida
|
|
Batting: RHB Jose Ramos
|
0-0: Fly out, F8 (Flyball, 8LD, EV 101.9 MPH)
|
|
Batting: RHB Pablo Nunez
|
0-0: Called Strike 0-1: Ball 1-1: Called Strike 1-2: Foul Ball, location: 2F 1-2: Strikes out swinging
|
|
Batting: RHB Fortunato Fteira
|
0-0: Ball 1-0: Foul Ball, location: 2F 1-1: Ball 2-1: Foul Ball, location: 2F 2-2: Strikes out swinging
|
| Top of the 4th over - 0 runs, 0 hits, 0 errors, 0 left on base; Springfield 1 - Reading 3 |
| BOTTOM OF THE 4TH |
|
Reading Fightin Phils batting - Pitching for Springfield Cardinals : LHP Kenji Yokoyama
|
|
Batting: RHB David Clough
|
0-0: Ball 1-0: SINGLE (Groundball, 6MD, EV 104.4 MPH)
|
|
Batting: RHB John Manocchio
|
0-0: Called Strike 0-1: Foul Ball, location: 2F 0-2: Ball 1-2: Ball 2-2: Strikes out swinging
|
|
Batting: RHB Guan-pei Gao
|
0-0: Ball 1-0: Ball 2-0: Ball 3-0: Called Strike 3-1: Called Strike 3-2: Foul Ball, location: 2F 3-2: Fielders Choice at 2nd, 3-6 (Groundball, 34, EV 98.8 MPH)
|
|
Batting: RHB Mike Meeker
|
0-0: Ball 1-0: Ball 2-0: Called Strike 2-1: Swinging Strike Passed Ball! Guan-pei Gao to second 2-2: Ball 3-2: Base on Balls
|
|
Batting: RHB Mike Bell
|
0-0: Ball 1-0: Swinging Strike 1-1: Ball 2-1: Ball 3-1: Fly out, F9 (Flyball, 89M, EV 84.4 MPH)
|
| Bottom of the 4th over - 0 runs, 1 hit, 0 errors, 2 left on base; Springfield 1 - Reading 3 |
| TOP OF THE 5TH |
|
Springfield Cardinals batting - Pitching for Reading Fightin Phils : LHP Shirou Yoshida
|
|
Batting: RHB Tommy Boudreaux
|
0-0: Called Strike 0-1: Ball 1-1: Ball 2-1: SINGLE (Flyball, 78S, EV 91.2 MPH)
|
|
Batting: RHB Immel Kamuzu
|
0-0: Ball 1-0: Ball 2-0: Swinging Strike 2-1: Swinging Strike 2-2: Ball 3-2: Strikes out swinging
|
|
Batting: LHB Angelo Vasquez
|
0-0: Ball 1-0: Ball 2-0: Called Strike 2-1: Foul Ball, location: 2F 2-2: Foul Ball, location: 2F 2-2: Foul Ball, location: 2F 2-2: Fly out, F7 (Flyball, 78M, EV 95.0 MPH)
|
|
Batting: RHB Juan Martinez
|
0-0: Ball 1-0: Swinging Strike 1-1: Foul Ball, location: 2F 1-2: Strikes out looking
|
| Top of the 5th over - 0 runs, 1 hit, 0 errors, 1 left on base; Springfield 1 - Reading 3 |
| BOTTOM OF THE 5TH |
|
Reading Fightin Phils batting - Pitching for Springfield Cardinals : LHP Kenji Yokoyama
|
|
Batting: RHB Victor Arias
|
0-0: Ball 1-0: Ball 2-0: SINGLE (Groundball, 34D, EV 98.8 MPH)
|
|
Batting: RHB Jake Cox
|
0-0: Ball 1-0: Ball 2-0: Ball 3-0: Base on Balls Victor Arias to second
|
|
Batting: RHB Chris Myers
|
0-0: Ball 1-0: Foul Ball, location: 2F 1-1: Ball 2-1: Foul Ball, location: 2F 2-2: SINGLE (Groundball, 56, EV 87.5 MPH) (infield hit) Victor Arias to third Jake Cox to second
|
|
Batting: RHB Greg Herzig
|
0-0: Foul Ball, location: 2F 0-1: Ball 1-1: Foul Ball, location: 2F 1-2: Ball 2-2: Ball 3-2: Foul Ball, location: 2F 3-2: Fly out, F9 (Flyball, 9D, EV 107.5 MPH) Runner from 3rd tags up, SCORES, no throw by RF Jake Cox to third
|
|
Pitching: LHP Mike Cobb
|
|
|
Batting: RHB David Clough
|
0-0: Called Strike 0-1: Ball 1-1: Ball 2-1: Swinging Strike 2-2: Foul Ball, location: 2F 2-2: Strikes out looking
|
|
Batting: RHB John Manocchio
|
0-0: Ball 1-0: Swinging Strike 1-1: Foul Ball, location: 2F 1-2: Ball 2-2: Ball 3-2: Fly out, F8 (Flyball, 8LM, EV 96.9 MPH)
|
| Bottom of the 5th over - 1 run, 2 hits, 0 errors, 2 left on base; Springfield 1 - Reading 4 |
| TOP OF THE 6TH |
|
Springfield Cardinals batting - Pitching for Reading Fightin Phils : LHP Shirou Yoshida
|
|
Batting: RHB Jeff Long
|
0-0: Called Strike 0-1: Ground out 3-1 (Groundball, 34, EV 86.2 MPH)
|
|
Batting: RHB McGwire Jones
|
0-0: Called Strike 0-1: Ball 1-1: SINGLE (Groundball, 6MD, EV 110.6 MPH)
|
|
Batting: RHB Jose Ramos
|
0-0: Reached on error, E6 (Groundball, 6, EV 80.6 MPH) McGwire Jones to second
|
|
Batting: RHB Pablo Nunez
|
0-0: DOUBLE (Line Drive, 8RXD, EV 103.8 MPH) McGwire Jones scores Jose Ramos to third Runner from 3rd tries for Home, SAFE, throw by CF to home
|
|
Batting: RHB Fortunato Fteira
|
0-0: Ball 1-0: Foul Ball, location: 2F 1-1: Fly out, F7 (Flyball, 7, EV 79.4 MPH)
|
|
Batting: RHB Tommy Boudreaux
|
0-0: Ground out 6-3 (Groundball, 4M, EV 86.2 MPH)
|
| Top of the 6th over - 2 runs, 2 hits, 1 error, 1 left on base; Springfield 3 - Reading 4 |
| BOTTOM OF THE 6TH |
|
Reading Fightin Phils batting - Pitching for Springfield Cardinals : LHP Mike Cobb
|
|
Batting: RHB Guan-pei Gao
|
0-0: Called Strike 0-1: Called Strike 0-2: SOLO HOME RUN (Flyball, 9D, EV 94.4 MPH), Distance : 363 ft
|
|
Batting: RHB Mike Meeker
|
0-0: Called Strike 0-1: Swinging Strike 0-2: Ball 1-2: Ball 2-2: Foul Ball, location: 2F 2-2: Strikes out swinging
|
|
Batting: RHB Mike Bell
|
0-0: Ball 1-0: Ball 2-0: Ball 3-0: Base on Balls
|
|
Batting: RHB Victor Arias
|
0-0: Called Strike 0-1: Ball 1-1: Called Strike 1-2: Foul Ball, location: 2F 1-2: Strikes out looking
|
|
Batting: RHB Jake Cox
|
0-0: Ball 1-0: Called Strike Mike Bell is caught stealing 2nd base 2-4
|
| Bottom of the 6th over - 1 run, 1 hit, 0 errors, 0 left on base; Springfield 3 - Reading 5 |
| TOP OF THE 7TH |
|
Springfield Cardinals batting - Pitching for Reading Fightin Phils : LHP Shirou Yoshida
|
|
Batting: RHB Immel Kamuzu
|
0-0: Called Strike 0-1: Ball 1-1: Ball 2-1: Foul Ball, location: 2F 2-2: Foul Ball, location: 2F 2-2: Ball 3-2: Foul Ball, location: 2F 3-2: Fly out, F7 (Flyball, 7, EV 95.6 MPH)
|
|
Batting: LHB Angelo Vasquez
|
0-0: Ball 1-0: Ball 2-0: Called Strike 2-1: Ball 3-1: Swinging Strike 3-2: Base on Balls
|
|
Pitching: RHP Andrew Giles
|
|
|
Batting: RHB Juan Martinez
|
0-0: Grounds into double play, 6-4-3 (Groundball, 6M, EV 77.5 MPH)
|
| Top of the 7th over - 0 runs, 0 hits, 0 errors, 0 left on base; Springfield 3 - Reading 5 |
| BOTTOM OF THE 7TH |
|
Reading Fightin Phils batting - Pitching for Springfield Cardinals : LHP Mike Cobb
|
|
Batting: RHB Jake Cox
|
0-0: Ball 1-0: Ground out 5-3 (Groundball, 5S, EV 75.6 MPH)
|
|
Batting: RHB Chris Myers
|
0-0: Ball 1-0: Called Strike 1-1: Swinging Strike 1-2: Ball 2-2: Foul Ball, location: 2F 2-2: Ground out 5-3 (Groundball, 56S, EV 91.2 MPH)
|
|
Batting: RHB Greg Herzig
|
0-0: Swinging Strike 0-1: Ball 1-1: Ball 2-1: Ball 3-1: Base on Balls
|
|
Batting: RHB David Clough
|
0-0: Called Strike 0-1: Ball 1-1: Ball 2-1: Foul Ball, location: 2F 2-2: Strikes out looking
|
| Bottom of the 7th over - 0 runs, 0 hits, 0 errors, 1 left on base; Springfield 3 - Reading 5 |
| TOP OF THE 8TH |
|
Springfield Cardinals batting - Pitching for Reading Fightin Phils : RHP Andrew Giles
|
|
Batting: RHB Jeff Long
|
0-0: Ground out 6-3 (Groundball, 6, EV 88.8 MPH)
|
|
Batting: RHB McGwire Jones
|
0-0: Foul Ball, location: 2F 0-1: Called Strike 0-2: Ball 1-2: Foul Ball, location: 2F 1-2: Ball 2-2: Ball 3-2: Strikes out swinging
|
|
Batting: RHB Jose Ramos
|
0-0: Called Strike 0-1: Ball 1-1: Ball 2-1: Fly out, F2 (Popup, 23F, EV 86.2 MPH)
|
| Top of the 8th over - 0 runs, 0 hits, 0 errors, 0 left on base; Springfield 3 - Reading 5 |
| BOTTOM OF THE 8TH |
|
Reading Fightin Phils batting - Pitching for Springfield Cardinals : LHP Mike Cobb
|
|
Pitching: RHP Craig Daniel
|
|
|
Batting: RHB John Manocchio
|
0-0: Foul Ball, location: 2F 0-1: Fly out, F8 (Flyball, 89XD, EV 103.1 MPH)
|
|
Batting: RHB Guan-pei Gao
|
0-0: Ball 1-0: Ball 2-0: Swinging Strike 2-1: Ball 3-1: Base on Balls
|
|
Batting: RHB Mike Meeker
|
0-0: Ball 1-0: Called Strike 1-1: Grounds into double play, 5-4-3 (Groundball, 5, EV 78.8 MPH)
|
| Bottom of the 8th over - 0 runs, 0 hits, 0 errors, 0 left on base; Springfield 3 - Reading 5 |
| TOP OF THE 9TH |
|
Springfield Cardinals batting - Pitching for Reading Fightin Phils : RHP Andrew Giles
|
|
Pitching: RHP Jeremy Mitchem
|
|
|
Batting: RHB Pablo Nunez
|
0-0: SINGLE (Line Drive, 3D, EV 96.9 MPH)
|
|
Pinch Hitting: LHB Ronnie Ashley
|
0-0: Ball 1-0: Called Strike 1-1: SINGLE (Line Drive, 89S, EV 96.9 MPH) Pablo Nunez to second
|
|
Batting: RHB Tommy Boudreaux
|
0-0: Ball 1-0: Bunted foul 1-1: Ball 2-1: Sac Bunt to 5S - play at first, batter OUT! 5-4 Pablo Nunez to third Ronnie Ashley to second
|
|
Pinch Hitting: LHB Travis Ruppel
|
0-0: Called Strike 0-1: Foul Ball, location: 2F 0-2: 3-RUN HOME RUN (Flyball, 89XD, EV 99.4 MPH), Distance : 399 ft
|
|
Batting: LHB Angelo Vasquez
|
0-0: Ball 1-0: Foul Ball, location: 2F 1-1: Ground out 6-3 (Groundball, P, EV 83.1 MPH)
|
|
Batting: RHB Juan Martinez
|
0-0: Ball 1-0: Foul Ball, location: 2F 1-1: Foul Ball, location: 2F 1-2: Strikes out swinging, 2-3 out at first.
|
| Top of the 9th over - 3 runs, 3 hits, 0 errors, 0 left on base; Springfield 6 - Reading 5 |
| BOTTOM OF THE 9TH |
|
Reading Fightin Phils batting - Pitching for Springfield Cardinals : RHP Craig Daniel
|
|
Pitching: LHP John Grinter
|
|
|
Now at C: Ronnie Ashley
|
|
|
Now at 3B: McGwire Jones
|
|
|
Now in LF: Travis Ruppel
|
|
|
Batting: RHB Mike Bell
|
0-0: Fly out, F8 (Flyball, 8RD, EV 103.1 MPH)
|
|
Batting: RHB Victor Arias
|
0-0: Ball 1-0: Foul Ball, location: 2F 1-1: Foul Ball, location: 2F 1-2: Ball 2-2: Foul Ball, location: 2F 2-2: Foul Ball, location: 2F 2-2: Fly out, F8 (Line Drive, 8LM, EV 88.8 MPH)
|
|
Batting: RHB Jake Cox
|
0-0: Ball 1-0: Ball 2-0: DOUBLE (Flyball, 8RXD, EV 95.6 MPH)
|
|
Batting: RHB Chris Myers
|
0-0: Ball 1-0: Foul Ball, location: 2F 1-1: Swinging Strike 1-2: Strikes out looking
|
| Bottom of the 9th over - 0 runs, 1 hit, 0 errors, 1 left on base; Springfield 6 - Reading 5 |
|